Map: Dusk Towers

Players

LindyHop - Winner!

  • Race: Zerg Zerg
  • League: Platinum

A.I. 1 (Very Easy)

  • Race: Terran Terran

VOD

Have the link to the VOD?

Description

Time

  • Played on: Dec. 10, 2015, 7:51 p.m.
  • Length: 10:10
Show
View Real Time Build Order
Export as new Build Order

LindyHop Zerg - Winner!

Build Orders: Hatch First 

Get SALT Encoding   

  12  0:01  Drone  
  13  0:12  Overlord  
  13  0:18  Drone  
  14  0:30  Drone x2  
  14  0:34  Drone  
  17  0:53  Hatchery  
  16  0:57  Drone  
  16  0:59  Drone  
  18  1:04  Extractor  
  18  1:06  Drone  
  18  1:20  Spawning Pool  
  18  1:23  Drone  
  18  1:28  Drone  
  19  1:39  Overlord  
  19  1:52  Drone  
  20  2:06  Metabolic Boost  
  20  2:08  Queen x2  
  20  2:13  Overlord  
  24  2:21  Zergling x2  
  24  2:22  Zergling x2  
  26  2:26  Drone x2  
  28  2:33  Drone  
  28  2:35  Drone  
  30  2:39  Drone  
  31  2:47  Drone  
  32  2:57  Drone x2  
  34  3:00  Overlord  
  34  3:06  Drone  
  34  3:12  Drone  
  36  3:19  Drone x6  
  42  3:35  Hatchery  
  42  3:37  Extractor  
  42  3:40  Drone, Roach Warren  
  42  3:41  Queen  
  42  3:46  Extractor  
  41  3:52  Drone x2  
  41  3:53  Drone  
  44  4:08  Drone x7  
  51  4:16  Drone  
  52  4:26  Overlord x2  
  52  4:27  Overlord x2  
  54  4:51  Lair  
  52  4:55  Evolution Chamber  
  52  4:56  Evolution Chamber  
  52  4:57  Drone  
  52  4:58  Drone x3  
  52  4:59  Drone x3  
  57  5:15  Drone x8  
  57  5:19  Drone  
  66  5:23  Zerg Missile Weapons Level 1, Zerg Ground Armor Level 1  
  66  5:28  Drone x4  
  70  5:30  Overlord  
  70  5:31  Overlord  
  70  5:42  Extractor x2  
  69  5:45  Roach x4  
  69  5:46  Roach x3  
  69  5:49  Overlord  
  82  5:50  Glial Reconstitution  
  82  5:56  Roach x5  
  92  6:06  Roach x2  
  92  6:08  Roach x2  
  92  6:09  Roach  
  102  6:12  Roach  
  102  6:13  Roach x4  
  102  6:16  Burrow  
  102  6:18  Overlord  
  112  6:19  Overlord  
  112  6:21  Overlord  
  112  6:30  Roach  
  114  6:33  Overlord  
  114  6:34  Overlord  
  114  6:36  Roach x3  
  120  6:40  Roach  
  120  6:42  Roach  
  120  6:44  Roach x2  
  120  6:45  Roach x4  
  120  6:47  Overlord  
  136  6:54  Overlord  
  136  7:01  Roach x2  
  136  7:02  Roach x3  
  136  7:03  Roach  
  136  7:08  Overlord  
  148  7:13  Roach x4  
  148  7:14  Roach x3  
  162  7:17  Overlord  
  162  7:22  Roach x2  
  166  7:29  Roach  
  168  7:33  Roach x4  
  176  7:38  Overlord  
  176  7:43  Roach x2  
  176  7:44  Roach x3  
  186  7:45  Overlord  
  186  7:46  Overlord  
  186  8:00  Roach x4  
  186  8:03  Roach  
  186  8:04  Roach x2  
  200  8:32  Spire  
  199  8:40  Hydralisk Den, Roach  
  197  9:04  Roach  
  197  9:06  Hatchery, Infestation Pit  
  197  9:09  Roach  
Show
View Real Time Build Order
Export as new Build Order

A.I. 1 (Very Easy) Terran 

Build Orders: Reaper Expand 

Get SALT Encoding   

  12  0:00  SCV  
  13  0:13  SCV  
  14  0:19  Supply Depot  
  14  0:42  Barracks  
  14  1:03  Command Center  
  14  1:30  Supply Depot, Marine, Orbital Command  
  15  1:36  Refinery  
  15  1:48  Refinery  
  15  1:55  SCV  
  16  2:07  SCV  
  17  2:16  Reaper  
  17  2:19  SCV  
  17  2:21  SCV  
  20  2:32  SCV  
  20  2:35  SCV, Refinery  
  22  2:44  SCV  
  23  2:50  SCV  
  24  2:57  SCV  
  25  3:03  Marine  
  25  3:04  SCV  
  27  3:11  SCV  
  28  3:18  SCV  
  28  3:19  Factory  
  28  3:43  Refinery  
  28  3:45  SCV  
  29  3:52  SCV, Marine  
  31  3:59  SCV, Supply Depot  
  32  4:06  SCV, Starport  
  33  4:10  Barracks Tech Lab  
  33  4:13  SCV  
  34  4:21  SCV  
  35  4:28  SCV  
  36  4:35  SCV  
  37  4:39  Supply Depot  
  37  4:40  Marauder  
  37  4:42  SCV  
  37  4:44  Starport Tech Lab  
  40  4:49  SCV  
  41  4:56  SCV  
  42  5:02  Raven  
  42  5:04  SCV  
  45  5:11  SCV  
  46  5:18  SCV  
  47  5:25  SCV  
  47  5:27  Marine  
  49  5:45  Raven  
  51  6:15  Marine  
  52  7:04  Marauder  
  54  8:54  Marine  
  52  8:56  Supply Depot  
  45  9:13  SCV  
  38  9:20  SCV  
  23  9:41  Supply Depot  
  21  9:46  Supply Depot  
  21  9:52  SCV  
Tags
 
Add a new tag
Caveats
  • Supply blocks, unpowered buildings, or Contaminate may cause inaccurate times.
  • Supply counts are checked every 10 seconds.